 Dungeon Crawl Stone Soup version 0.26-a0-611-g354ed81502 (webtiles) character file.

Game seed: 16960837689232352729

11907 Gargoyl the Fighter (level 11, -8/89 HPs)
             Began as a Gnoll Abyssal Knight on Sept 7, 2020.
             Was a Priest of Lugonu.
             Killed from afar by a blizzard demon (26 damage)
             ... with a bolt of lightning
             ... in a Gauntlet.
             The game lasted 00:23:15 (10339 turns).

Gargoyl the Fighter (Gnoll Abyssal Knight)         Turns: 10339, Time: 00:23:15

Health: -8/89      AC: 14    Str: 17    XL:     11   Next: 85%
Magic:  17/21      EV: 15    Int: 15    God:    Lugonu [***...]
Gold:   530        SH:  0    Dex: 15    Spells: 23/23 levels left

rFire    . . .     SeeInvis .   D - +2 war axe (venom)
rCold    + . .     Faith    .   (no shield)
rNeg     . . .     Spirit   .   A - +1 ring mail "Duewn" {rC+ MR+}
rPois    .         Reflect  .   l - +2 hat
rElec    .         Harm     .   w - +1 cloak {MR+}
rCorr    .         NoTele   +   t - +0 pair of gloves
MR       +++..                  f - +0 pair of boots
Stlth    +++.......             d - amulet of regeneration
HPRegen  0.64/turn              y - ring of flight
MPRegen  0.17/turn              C - ring of protection from magic

@: studying Stealth
A: distributed training, fangs 1, strong nose
a: Depart the Abyss, Bend Space, Banish, Renounce Religion, Evoke Flight


You were in a Gauntlet.
You worshipped Lugonu.
Lugonu was most pleased with you.
You visited 2 branches of the dungeon, and saw 11 of its levels.
You visited the Abyss 1 time.
You also visited: Gauntlet.

You collected 530 gold pieces.

Inventory:

Hand Weapons
 a - a +1 hand axe
 c - the +3 hand crossbow "Rajah" {elec, rF+ rC++ Dex+2}
   (You found it on level 2 of the Abyss)

   It charges the ammunition it shoots with electricity; occasionally upon a
   hit, such missiles may discharge and cause terrible harm.
   It affects your dexterity (+2).
   It protects you from fire.
   It greatly protects you from cold.
 o - a +2 whip of electrocution
 r - the +4 whip of Causality {flame, Dex+3}
   (You took it off an orc on level 3 of the Dungeon)

   It has been specially enchanted to burn those struck by it, causing extra
   injury to most foes and up to half again as much damage against particularly
   susceptible opponents.
   It affects your dexterity (+3).
 D - a +2 war axe of venom (weapon)
Missiles
 e - 12 bolts
 F - 20 silver javelins (quivered)
Armour
 f - a +0 pair of boots (worn)
 l - a +2 hat (worn)
 t - a +0 pair of gloves (worn)
 w - a +1 cloak of magic resistance (worn)
 x - the +1 pair of gloves "Niyhik" {Str+2, unknown}
   (You found it in a Gauntlet)

   It affects your strength (+2).
 A - the +1 ring mail "Duewn" (worn) {rC+ MR+}
   (You found it on level 4 of the Dungeon)

   It protects you from cold.
   It affects your resistance to hostile enchantments.
 G - a +2 plate armour of magic resistance
Jewellery
 d - an amulet of regeneration (around neck)
 q - an uncursed amulet of magic regeneration
 y - a ring of flight (left hand)
 C - a ring of protection from magic (right hand)
Wands
 n - a wand of random effects (17)
 p - a wand of iceblast (2)
 s - a wand of polymorph (17)
 u - a wand of paralysis (6)
 v - a wand of flame (21)
Scrolls
 g - 5 scrolls of remove curse
 i - 3 scrolls of identify
 z - a scroll of vulnerability {unknown}
 B - a scroll of fog
Potions
 h - 2 potions of invisibility
 j - 3 potions of flight
 k - a potion of haste
 m - a potion of might
 E - a potion of stabbing
Books
 b - a manual of Stealth


   Skills:
 + Level 9.4 Fighting
 + Level 6.7 Short Blades
 + Level 6.7 Long Blades
 + Level 8.2 Axes
 + Level 6.7 Maces & Flails
 + Level 6.7 Polearms
 + Level 6.7 Staves
 + Level 6.7 Slings
 + Level 6.7 Bows
 + Level 6.7 Crossbows
 + Level 6.7 Throwing
 + Level 8.2 Armour
 + Level 7.2 Dodging
 + Level 8.6 Stealth
 + Level 6.7 Shields
 + Level 6.7 Unarmed Combat
 + Level 6.7 Spellcasting
 + Level 5.5 Conjurations
 + Level 5.5 Hexes
 + Level 5.5 Summonings
 + Level 5.5 Necromancy
 + Level 5.5 Translocations
 + Level 5.5 Transmutations
 + Level 5.5 Fire Magic
 + Level 5.5 Ice Magic
 + Level 5.5 Air Magic
 + Level 5.5 Earth Magic
 + Level 5.5 Poison Magic
 + Level 8.7 Invocations
 + Level 6.7 Evocations


You had 23 spell levels left.
You didn't know any spells.
Your spell library was empty.

Dungeon Overview and Level Annotations

Branches:
Dungeon (9/15)             Temple (0/1) D:6            Lair (2/6) D:9
 Shoals (0/4) Lair:2       Spider (0/4) Lair:2      Gauntlet (1/1)
    Orc: D:9-12

Altars:
Ashenzari
Cheibriados
Gozag
Hepliaklqana
Okawaru
Qazlal
Ru
Sif Muna
Trog
Uskayaw
Xom
Yredelemnul
The Shining One
Beogh

Shops:
D:8 }   D:9 [

Annotations:
Gauntlet 6 transporters, corrupted, exclusion: obsidian statue


Innate Abilities, Weirdness & Mutations

Your experience applies equally to all skills.
You have very sharp teeth.
Your uncanny sense of smell can sniff out nearby items.


Message History

The ice devil is almost dead.
You are engulfed in freezing vapours.
You resist.
The ice devil hits you but does no damage.
You kill the ice devil!
Lugonu accepts your kill.
You see here a scroll of identify.
Unknown command.
i - 3 scrolls of identify (gained 1)
The blizzard demon waves its arms in wide circles.
The air twists around and strikes you!!
* * * LOW HITPOINT WARNING * * *
Press: ? - help, Shift-Dir - straight line, f - blizzard demon
Aim: a blizzard demon (lightly wounded, chance to defeat MR: 4%)
The blizzard demon resists with almost no effort.
Press: ? - help, Shift-Dir - straight line, f/p - blizzard demon
Aim: a blizzard demon (lightly wounded, chance to defeat MR: 4%)
You fail to use your ability.
The blizzard demon gestures at you. The bolt of lightning hits you!!
You die...

..©......8.....8.....8.#
########.......©.......≈
##....^#...#########...#
#.###^.#...#.......#..§§
.##.##.#...#..####.#...#
.#.#.#.#...#.#.....#...≈
.#©#.#.#.8.#.#°2####.8.#
.#.#.#.#...#.#°#°/.#...≈
#.##.#.#...#.#.#@.##...#
###.##.#...#...#.#©#...≈
...##©##...#########...#
########.....#.©.#.....≈
#.©.#....8...#.8.#...8.#
#...#........#.©.#......
#.©.#.....###########...
#######...#.....x...#..
......#...#x.#


You could see a blizzard demon and a small abomination.

Vanquished Creatures
  A hydra (Lair:1)
  A two-headed ogre (D:8)
  Urug (Lair:1)
  2 cane toads (Lair:1)
  3 ice devils (Gauntlet)
  Prince Ribbit (D:7)
  3 polar bears (Lair:1)
  3 hippogriffs
  A basilisk (Lair:1)
  Grum (D:8)
  3 swamp worms (Gauntlet)
  Edmund (D:4)
  2 wargs (D:9)
  5 porcupines
  5 water moccasins
  A sky beast (D:5)
  2 orc warriors
  An ice beast (D:6)
  A black bear (Lair:1)
  A necrophage (D:7)
  2 phantoms
  2 ogres
  6 wolves
  The ghost of TryExcept the Magician, an amateur DgWz (D:3)
  2 centaurs
  4 crocodiles
  13 bullfrogs
  A water moccasin zombie (D:6)
  A wyvern skeleton (D:6)
  4 scorpions
  10 wights
  A howler monkey (D:4)
  2 bullfrog zombies (D:7)
  2 centaur zombies
  A centaur skeleton (D:4)
  3 hounds
  A jelly (D:6)
  Crazy Yiuf (D:7)
  5 orc priests
  8 orc wizards
  2 iguanas
  Ijyb (D:4)
  Jessica (D:2)
  Terence (D:2)
  6 worker ants
  A killer bee zombie (D:7)
  A hound zombie (D:7)
  A hound skeleton (D:8)
  A mummy (D:7)
  3 worker ant zombies
  3 gnolls (D:5)
  10 adders
  2 white imps
  An ufetubus (Abyss:2)
  2 oozes
  4 adder skeletons
  3 adder zombies
  A worm (D:5)
  A dart slug (D:3)
  5 leopard geckos
  37 orcs
  5 bats
  8 giant cockroaches
  2 goblins (D:5)
  2 hobgoblins
  10 jackals
  A quokka (D:3)
  4 ball pythons
  4 frilled lizards
  5 kobolds
  2 leopard gecko zombies
  A quokka skeleton (D:6)
  3 rats
243 creatures vanquished.

Vanquished Creatures (others)
  A minotaur (Gauntlet)
  A hell beast (Gauntlet)
  A raiju (Gauntlet)
  2 lightning spires (Gauntlet)
  A fire vortex (Lair:2)
  3 fungi
  5 plants
  4 starspawn tentacles (Gauntlet)
18 creatures vanquished.

Grand Total: 261 creatures vanquished

Notes
Turn   | Place    | Note
-------+----------+-------------------------------------------
     0 | Abyss:1  | Gargoyl the Gnoll Abyssal Knight began the quest for the
                  | Orb.
     0 | Abyss:1  | Reached XP level 1. HP: 23/23 MP: 3/3
     6 | Abyss:2  | Found a corrupted altar of Lugonu.
    15 | Abyss:2  | Got a shimmering hand crossbow
    63 | Abyss:2  | Found a corrupted altar of Lugonu.
   102 | Abyss:2  | Noticed a tentacled starspawn
   103 | Abyss:2  | Identified the +3 hand crossbow "Rajah" {elec, rF+ rC++
                  | Dex+2} (You found it on level 2 of the Abyss)
   104 | D:1      | Escaped the Abyss
   242 | D:1      | Reached XP level 2. HP: 29/29 MP: 5/5
   600 | D:1      | Found a snail-covered altar of Cheibriados.
   990 | D:2      | Noticed Jessica
   993 | D:2      | Killed Jessica
   993 | D:2      | Reached XP level 3. HP: 35/35 MP: 6/6
  1097 | D:2      | Noticed Terence
  1100 | D:2      | Reached skill level 1 in Short Blades
  1100 | D:2      | Reached skill level 1 in Long Blades
  1100 | D:2      | Reached skill level 1 in Maces & Flails
  1100 | D:2      | Reached skill level 1 in Polearms
  1100 | D:2      | Reached skill level 1 in Staves
  1100 | D:2      | Reached skill level 1 in Slings
  1100 | D:2      | Reached skill level 1 in Bows
  1100 | D:2      | Reached skill level 1 in Crossbows
  1100 | D:2      | Reached skill level 1 in Throwing
  1100 | D:2      | Reached skill level 1 in Stealth
  1100 | D:2      | Reached skill level 1 in Shields
  1100 | D:2      | Reached skill level 1 in Unarmed Combat
  1100 | D:2      | Reached skill level 1 in Spellcasting
  1100 | D:2      | Reached skill level 1 in Evocations
  1117 | D:2      | Killed Terence
  1117 | D:2      | Reached * piety under Lugonu
  1117 | D:2      | Reached XP level 4. HP: 29/41 MP: 7/7
  1302 | D:2      | Reached skill level 1 in Conjurations
  1302 | D:2      | Reached skill level 1 in Hexes
  1302 | D:2      | Reached skill level 1 in Summonings
  1302 | D:2      | Reached skill level 1 in Necromancy
  1302 | D:2      | Reached skill level 1 in Translocations
  1302 | D:2      | Reached skill level 1 in Transmutations
  1302 | D:2      | Reached skill level 1 in Fire Magic
  1302 | D:2      | Reached skill level 1 in Ice Magic
  1302 | D:2      | Reached skill level 1 in Air Magic
  1302 | D:2      | Reached skill level 1 in Earth Magic
  1302 | D:2      | Reached skill level 1 in Poison Magic
  1506 | D:2      | Found an opulent altar of Gozag.
  1690 | D:3      | Reached XP level 5. HP: 47/47 MP: 8/8
  2086 | D:3      | Found a runed translucent gate.
  2087 | D:3      | Found a runed translucent gate.
  2088 | D:3      | Found a runed translucent gate.
  2088 | D:3      | Noticed TryExcept's ghost (amateur DgWz)
  2089 | D:3      | Identified the +4 whip of Causality {flame, Dex+3}
  2089 | D:3      | Identified the +4 scale mail "Tuab" {Regen+}
  2090 | D:3      | Found a roughly hewn altar of Beogh.
  2308 | D:3      | Killed TryExcept's ghost
  2308 | D:3      | Reached skill level 5 in Invocations
  2308 | D:3      | Reached XP level 6. HP: 48/53 MP: 9/9
  2449 | D:4      | Reached ** piety under Lugonu
  2449 | D:4      | Reached skill level 5 in Axes
  2449 | D:4      | Reached skill level 5 in Armour
  2576 | D:4      | Noticed a phantom
  2604 | D:4      | Killed a phantom
  2604 | D:4      | Reached XP level 7. HP: 59/59 MP: 10/10
  2644 | D:4      | Reached skill level 7 in Fighting
  2731 | D:4      | Noticed Edmund
  2735 | D:4      | Noticed Ijyb
  2747 | D:4      | Killed Edmund
  2749 | D:4      | Killed Ijyb
  3016 | D:4      | Got a masterwork ring mail
  3027 | D:4      | Identified the +1 ring mail "Duewn" {rC+ MR+} (You found it
                  | on level 4 of the Dungeon)
  3131 | D:4      | Reached XP level 8. HP: 53/67 MP: 12/12
  3205 | D:4      | Found a stormy altar of Qazlal.
  3379 | D:5      | Entered Level 5 of the Dungeon
  3804 | D:5      | Found a basalt altar of Yredelemnul.
  4095 | D:5      | Found a sacrificial altar of Ru.
  4096 | D:5      | Found a bloodstained altar of Trog.
  4096 | D:5      | Found a shimmering blue altar of Sif Muna.
  4118 | D:5      | Reached *** piety under Lugonu
  4121 | D:5      | Found an iron altar of Okawaru.
  4519 | D:6      | Noticed a hippogriff
  4545 | D:6      | Killed a hippogriff
  4565 | D:6      | HP: 3/67 [orc wizard/magic dart (7)]
  4573 | D:6      | Reached XP level 9. HP: 9/73 MP: 14/14
  4989 | D:6      | Found a staircase to the Ecumenical Temple.
  5581 | D:7      | Noticed Prince Ribbit
  5592 | D:7      | Killed Prince Ribbit
  5592 | D:7      | Reached skill level 5 in Dodging
  5922 | D:7      | Reached skill level 8 in Fighting
  5958 | D:7      | Reached skill level 5 in Stealth
  6004 | D:7      | Found a hide-covered altar of Uskayaw.
  6362 | D:7      | Found a runed translucent door.
  6363 | D:7      | Noticed Crazy Yiuf
  6411 | D:7      | Killed Crazy Yiuf
  6447 | D:8      | Noticed Grum
  6533 | D:8      | Killed Grum
  6578 | D:8      | Reached **** piety under Lugonu
  6764 | D:8      | Reached XP level 10. HP: 79/80 MP: 17/17
  6944 | D:8      | Found Gerol's Gadget Emporium.
  7069 | D:8      | Found a shimmering altar of Xom.
  7077 | D:8      | Reached skill level 5 in Short Blades
  7077 | D:8      | Reached skill level 5 in Long Blades
  7077 | D:8      | Reached skill level 5 in Maces & Flails
  7077 | D:8      | Reached skill level 5 in Polearms
  7077 | D:8      | Reached skill level 5 in Staves
  7077 | D:8      | Reached skill level 5 in Slings
  7077 | D:8      | Reached skill level 5 in Bows
  7077 | D:8      | Reached skill level 5 in Crossbows
  7077 | D:8      | Reached skill level 5 in Throwing
  7077 | D:8      | Reached skill level 5 in Shields
  7077 | D:8      | Reached skill level 5 in Unarmed Combat
  7077 | D:8      | Reached skill level 5 in Spellcasting
  7077 | D:8      | Reached skill level 5 in Evocations
  7198 | D:8      | Found a hazy altar of Hepliaklqana.
  7198 | D:8      | Found a shattered altar of Ashenzari.
  7656 | D:9      | Noticed a two-headed ogre
  7709 | D:8      | Killed a two-headed ogre
  7829 | D:9      | Found a glowing golden altar of the Shining One.
  7936 | D:9      | Found a staircase to the Lair.
  8278 | D:9      | Found Afeok's Antique Armour Shop.
  8476 | D:9      | Noticed a gargoyle
  8518 | D:9      | Banished a gargoyle
  8730 | Lair:1   | Entered Level 1 of the Lair of Beasts
  8754 | Lair:1   | Noticed Urug
  8760 | Lair:1   | Killed Urug
  8760 | Lair:1   | Reached XP level 11. HP: 66/87 MP: 19/19
  8873 | Lair:1   | Noticed a seven-headed hydra
  8877 | Lair:1   | Killed a seven-headed hydra
  8877 | Lair:1   | Reached skill level 9 in Fighting
  8877 | Lair:1   | Reached skill level 5 in Conjurations
  8877 | Lair:1   | Reached skill level 5 in Hexes
  8877 | Lair:1   | Reached skill level 5 in Summonings
  8877 | Lair:1   | Reached skill level 5 in Necromancy
  8877 | Lair:1   | Reached skill level 5 in Translocations
  8877 | Lair:1   | Reached skill level 5 in Transmutations
  8877 | Lair:1   | Reached skill level 5 in Fire Magic
  8877 | Lair:1   | Reached skill level 5 in Ice Magic
  8877 | Lair:1   | Reached skill level 5 in Air Magic
  8877 | Lair:1   | Reached skill level 5 in Earth Magic
  8877 | Lair:1   | Reached skill level 5 in Poison Magic
  9713 | Lair:2   | Found a staircase to the Shoals.
  9826 | Lair:2   | Found a gate leading to a gauntlet.
  9836 | Gauntlet | Entered a Gauntlet
  9836 | Gauntlet | Found a transporter.
  9837 | Gauntlet | Noticed an obsidian statue
  9906 | Gauntlet | Found a transporter.
  9907 | Gauntlet | Found a transporter.
  9911 | Gauntlet | Found a transporter.
  9912 | Gauntlet | Found a transporter.
  9914 | Gauntlet | Noticed a hell beast
  9920 | Gauntlet | Found a transporter.
  9922 | Gauntlet | Found a transporter.
  9947 | Gauntlet | Corrupted Gauntlet
  9947 | Gauntlet | Noticed a reaper
  9947 | Gauntlet | Noticed a bone dragon
  9947 | Gauntlet | Noticed a tentacled starspawn
  9947 | Gauntlet | Noticed a great orb of eyes
  9948 | Gauntlet | Noticed a tentacled starspawn
  9951 | Gauntlet | Noticed a thrashing horror
  9954 | Gauntlet | Killed a hell beast
  9977 | Gauntlet | Killed a minotaur
  9996 | Gauntlet | Noticed a blizzard demon
  9997 | Gauntlet | Found a transporter.
 10023 | Gauntlet | Found a transporter.
 10078 | Gauntlet | HP: 2/89 [swamp worm (15)]
 10229 | Gauntlet | Got a pair of ancient gloves
 10306 | Gauntlet | Found a transporter.
 10307 | Gauntlet | Found a transporter.
 10339 | Gauntlet | Killed from afar by a blizzard demon

Illustrated notes

Levels and vault maps discovered:
D:1:      lemuel_arrival_tunnels, layout_loops_corners, cheibriados_altar_1
D:2:      layout_rooms, lemuel_round_altar, uniq_terence, uniq_jessica
D:3:      layout_loops_ring, biasface_ghost_orc_armoury
D:4:      minmay_recursive_quarters, layout_basic, kennysheep_little_box,
          uniq_edmund, uniq_ijyb
D:5:      layout_loops_ring, okawaru_altar_gauntlet_db, lemuel_crystal_altar,
          gammafunk_temple_overflow_forgotten
D:6:      layout_loops_cross, temple_hall, minmay_manual_mess
D:7:      layout_loops_ring, eat_drink_and_be_merry_uskayaw, serial_undead,
          serial_undead_e, serial_undead_a, serial_undead_b, serial_undead_c,
          minmay_quadrilaterals, uniq_crazy_yiuf_cottage, uniq_prince_ribbit1
D:8:      layout_basic, overflow_temple_1_default,
          gammafunk_temple_overflow_wave, serial_shops, shop_fountains,
          uniq_grum
D:9:      layout_cave_pods, old_standard_altar, erik_lair_orcish_takeover,
          serial_shops, nicolae_shop_overgrown_old_shop
Lair:1:   layout_hall_layers, beast_lair_carwin_10, uniq_urug
Lair:2:   layout_gridlike, elwin_shoals_entry_rocks,
          spider_nest_entry_web_field, gauntlet_entry_generic
Gauntlet: minmay_gauntlet_mixed_oops_all_seconds
          [minmay_gauntlet_arena_77_broken_ladder,
          gammafunk_gauntlet_arena_spirals,
          minmay_gauntlet_arena_77_radiant_squares,
          gammafunk_gauntlet_arena_teeth, minmay_gauntlet_arena_77_mirror,
          gammafunk_gauntlet_arena_split_diamond, gauntlet_exit_green]

Skill      XL: |  1  2  3  4  5  6  7  8  9 10 11 |
---------------+----------------------------------+-----
Short Blades   | 1 2 3 4 5 6 |  6.7
Long Blades    | 1 2 3 4 5 6 |  6.7
Maces & Flails | 1 2 3 4 5 6 |  6.7
Polearms       | 1 2 3 4 5 6 |  6.7
Staves         | 1 2 3 4 5 6 |  6.7
Slings         | 1 2 3 4 5 6 |  6.7
Bows           | 1 2 3 4 5 6 |  6.7
Crossbows      | 1 2 3 4 5 6 |  6.7
Throwing       | 1 2 3 4 5 6 |  6.7
Stealth        | 1 2 3 5 7 8 |  8.6
Shields        | 1 2 3 4 5 6 |  6.7
Unarmed Combat | 1 2 3 4 5 6 |  6.7
Spellcasting   | 1 2 3 4 5 6 |  6.7
Evocations     | 1 2 3 4 5 6 |  6.7
Conjurations   | 1 2 3 4 5 |  5.5
Hexes          | 1 2 3 4 5 |  5.5
Summonings     | 1 2 3 4 5 |  5.5
Necromancy     | 1 2 3 4 5 |  5.5
Translocations | 1 2 3 4 5 |  5.5
Transmutations | 1 2 3 4 5 |  5.5
Fire Magic     | 1 2 3 4 5 |  5.5
Ice Magic      | 1 2 3 4 5 |  5.5
Air Magic      | 1 2 3 4 5 |  5.5
Earth Magic    | 1 2 3 4 5 |  5.5
Poison Magic   | 1 2 3 4 5 |  5.5
Dodging        | 3 4 5 6 7 |  7.2
Invocations    | 5 6 7 8 |  8.7
Axes           | 5 6 7 8 |  8.2
Armour         | 5 6 7 8 |  8.2
Fighting       | 7 8 9 |  9.4

Action                   |  1- 3 |  4- 6 |  7- 9 | 10-12 || total
-------------------------+-------+-------+-------+-------++-------
Melee: Hand axe          |    30 |    37 |       |       ||    67
       Bite              |     2 |     5 |    45 |    14 ||    66
       Whip              |       |    16 |   318 |   121 ||   455
       Punch             |       |       |     3 |     5 ||     8
       War axe           |       |       |       |    28 ||    28
 Fire: Hand crossbow     |    11 |    49 |    71 |   238 ||   369
Invok: Depart the Abyss  |     1 |       |       |       ||     1
       Banish            |       |       |       |     7 ||     7
       Bend Space        |       |       |       |     3 ||     3
       Corrupt           |       |       |       |     1 ||     1
Evoke: Wand              |       |     1 |       |       ||     1
  Use: Scroll            |       |     4 |     6 |     5 ||    15
       Potion            |       |       |     8 |     5 ||    13
 Stab: Sleeping          |       |       |     7 |       ||     7
       Invisible         |       |       |     1 |       ||     1
       Distracted        |       |       |       |     1 ||     1
Armor: Chain mail        |    25 |    44 |    73 |       ||   142
       Ring mail         |       |       |    95 |    91 ||   186
       Skin              |       |       |       |    51 ||    51
Dodge: Dodged            |     9 |    22 |   214 |   215 ||   460

Table legend: (Time is in decaauts)
 A = Elapsed time spent in this place.
 B = Non-inter-level travel time spent in this place.
 C = Inter-level travel time spent in this place.
 D = Time resting spent in this place.
 E = Time spent auto-exploring this place.
 F = Levels seen in this place.
 G = Mean time per level.
                   A        B        C        D        E       F      G
               +--------+--------+--------+--------+--------+-----+--------+
         Total |  10361 |  10036 |    325 |   1370 |   6152 |  14 |  740.1 |
       Dungeon |   8640 |   8339 |    301 |   1165 |   5377 |   9 |  960.0 |
          Lair |   1119 |   1095 |     24 |     56 |    710 |   2 |  559.5 |
         Abyss |    103 |    103 |      0 |      0 |     65 |   2 |   51.5 |
      Gauntlet |    499 |    499 |      0 |    149 |      0 |   1 |  499.0 |
               +--------+--------+--------+--------+--------+-----+--------+

Top non-repeatable levels by time:
     D:7: 1248 daAuts
     D:8: 1183 daAuts
     D:9: 1023 daAuts
     D:6: 1008 daAuts
  Lair:1: 995 daAuts
     D:4: 970 daAuts
     D:1: 888 daAuts
     D:5: 875 daAuts
     D:3: 791 daAuts
     D:2: 649 daAuts
Gauntlet: 499 daAuts
  Lair:2: 123 daAuts
 Abyss:2: 97 daAuts
 Abyss:1: 6 daAuts
